Cogmind - Beta 16.1 @@@ ROGUE MODE // 2026.02.18 @ 01:08:42 Player: Megaknight51 Result: Destroyed by BV-TPZ(R) with Subdweller Laser Performance ------------- Evolutions (0) 0 Regions Visited (2) 400 Robots Destroyed (35) 175 Value Destroyed (778) 778 Prototype IDs (5) 100 Alien Tech Used (0) 0 Bonus (0) 0 TOTAL SCORE: 1453 Bonus ------- None Cogmind --------- Core Integrity 0/250 Matter 286/300 Energy 21/100 System Corruption 0% Temperature Cool (6) Movement Core (50) Location -10/Subcaves Parts ------- > --- POWER (1) -------- (None) > --- PROPULSION (2) --- (None) > --- UTILITY (2) ------ (None) > --- WEAPON (2) ------- (None) > --- INVENTORY (5) ---- Subdweller Monowheel Structural Scanner Improved Terrain Scanner Light Armor Plating Mining Claw Peak State ------------ > --- POWER ------------ Ion Engine > --- PROPULSION ------- Wheel Compact Wheel > --- UTILITY ---------- High-capacity Storage Unit Light Armor Plating > --- WEAPON ----------- Light EM Pulse Cannon Light EM Pulse Cannon > --- INVENTORY -------- Light Ion Engine Light Ion Engine Wheel Wheel Compact Wheel Compact Wheel Heat Sink Structural Scanner Signal Interpreter Improved Terrain Scanner Seismic Detector Seismic Detector Transport Network Coupler Light Armor Plating Light Armor Plating Light Armor Plating Light Armor Plating Light Armor Plating Light Armor Plating Mining Laser [Rating: 11] Favorites ----------- Power Ion Engine Engine Ion Engine Propulsion Compact Wheel Wheel Compact Wheel Utility High-capacity Storage Unit Device Seismic Detector Storage High-capacity Storage Unit Protection Light Armor Plating Weapon Light EM Pulse Cannon Energy Gun Medium Laser Energy Cannon Light EM Pulse Cannon Ballistic Gun Light Assault Rifle Ballistic Cannon Improved Light Cannon Slashing Weapon Mining Claw Build | -11 -10 -10 ------- Run | Yrd Mat Sub Slots Evolved . | . . . Power . | . . . Propulsion . | . . . Utility . | . . . Weapon . | . . . Parts Attached 23 | 7 12 4 Power 4 | 1 2 1 Engine 4 | 1 2 1 Core . | . . . Reactor . | . . . Propulsion 5 | 2 2 1 Treads . | . . . Leg . | . . . Wheel 5 | 2 2 1 Hover . | . . . Flight . | . . . Utility 6 | 2 4 . Device 2 | 1 1 . Storage 2 | 1 1 . Processor . | . . . Hackware . | . . . Protection 2 | . 2 . Artifact . | . . . Weapon 8 | 2 4 2 Energy Gun 1 | . 1 . Energy Cannon 3 | . 2 1 Ballistic Gun 2 | 2 . . Ballistic Cannon 1 | . . 1 Launcher . | . . . Special Weapon . | . . . Impact Weapon . | . . . Slashing Weapon 1 | . 1 . Piercing Weapon . | . . . Special Melee Weapon . | . . . Unidentified Prototypes . | . . . Parts Lost 9 | . 3 6 Power 1 | . . 1 Propulsion 3 | . 2 1 Utility 2 | . 1 1 Weapon 3 | . . 3 Highest Loss Streak 4 | . 1 4 To Critical Strikes . | . . . Average Backups 16 | 3 18 19 Power 1 | . 1 1 Propulsion 3 | 1 3 3 Utility 8 | . 9 9 Weapon 3 | 1 3 5 Tool/Special . | . . . Unused Backups 25 | . 9 16 Power 1 | . 1 . Propulsion 6 | . 2 4 Utility 13 | . 5 8 Weapon 5 | . 1 4 Tool/Special . | . . . Average Slot Usage (%) 99 | . 99 98 Engine 13 | . 14 13 Wheel 27 | . 27 28 Device 1 | . 1 5 Storage 14 | . 14 14 Protection 11 | . 12 8 Energy Gun 1 | . 1 . Energy Cannon 14 | . 12 24 Ballistic Gun 10 | . 13 . Slashing Weapon 1 | . . 3 Peak Build Rating 11 | 7 11 11 Average Rating 9 | 5 9 10 On Entrance 6 | . 7 11 Avg Prop Armor Cover (%) . | . . . Naked Turns 3 | . . 3 Heaviest Build 56 | 14 56 56 Greatest Support 32 | 32 32 32 Greatest Overweight (x) 3 | 2 3 1 Average Overweight (x) . | . . . Largest Inventory Capacity 20 | 8 20 20 Average Capacity 17 | 6 19 19 Most Carried 20 | 7 20 20 Average Carried 16 | 3 18 19 Final Capacity 20 | 8 20 5 Final Carried 20 | 7 20 5 Class Distribution -------------------- 100% | Mutant Dominant Class ---------------- Mutant | -10/Materials Mutant | -10/Subcaves Resources | -11 -10 -10 ----------- Run | Yrd Mat Sub Matter Collected 688 | 330 303 55 Remotely . | . . . Salvage Created 1422 | 136 1076 210 Parts 73 | 8 58 7 Haulers Intercepted 2 | . 2 . Recyclers Shooed 2 | . 2 . Parts Field Recycled . | . . . Retrieved Matter . | . . . Parts Self-Destructed 3 | . . 3 Prevented . | . . . Parts Restored . | . . . Kills | -11 -10 -10 ------- Run | Yrd Mat Sub Combat Hostiles Destroyed 22 | . 18 4 Guns 11 | . 11 . Cannons 9 | . 6 3 Classes Destroyed 9 | 2 6 1 Worker 1 | . 1 . Tunneler 3 | 3 . . Hauler 2 | . 2 . Recycler 5 | 1 4 . Operator 1 | . 1 . Watcher 1 | . 1 . Swarmer 4 | . 4 . Grunt 16 | . 14 2 Subdweller 2 | . . 2 Best Kill Streak 5 | 2 5 2 Combat Bots Only 4 | . 4 2 Max Kills in Single Turn 2 | 1 2 1 Gunslinging 1 | . 1 . Exploded . | . . . Melee . | . . . Uniques/NPCs Destroyed . | . . . Combat | -11 -10 -10 -------- Run | Yrd Mat Sub Hostile Shots Fired 122 | . 78 44 Missed 40 | . 25 15 Hits 82 | . 53 29 Projectile 82 | . 53 29 AOE 2 | . . 2 Critical Strikes 1 | . 1 . Damage Taken 1265 | . 545 720 Core 256 | . 38 218 Absorbed by Shields . | . . . Core Remaining (%) 100 | 100 . . Volleys Fired 94 | 15 63 16 Largest 2 | 2 2 2 Hottest 112 | 40 112 112 Shots Fired 180 | 30 124 26 Gun 128 | 30 98 . Cannon 52 | . 26 26 Launcher . | . . . Special . | . . . Kinetic 123 | 30 92 1 Thermal 6 | . 6 . Explosive . | . . . Electromagnetic 51 | . 26 25 Robot Hit Streak 13 | 6 13 12 Robot Miss Streak 2 | 1 2 2 Penetration Max . | . . . Secondary Targets 3 | . 3 . Max Gunslinging Chain 1 | . 1 . Shots Hit Robots 126 | 18 87 21 Core Hits 58 | 7 44 7 Critical Kills . | . . . Critical Parts Destroyed . | . . . Critical Strikes 1 | . 1 . Corrupt 1 | . 1 . Melee Attacks 14 | . 11 3 Impact . | . . . Slashing 14 | . 11 3 Piercing . | . . . Sneak Attacks . | . . . Combat Hostiles . | . . . Follow-up Attacks . | . . . Damage Inflicted 1797 | 183 1159 455 Guns 916 | 183 733 . Cannons 835 | . 380 455 Explosions . | . . . Melee 26 | . 26 . Ramming 20 | . 20 . Kinetic 865 | 183 682 . Thermal 51 | . 51 . Explosive . | . . . Electromagnetic 835 | . 380 455 Impact . | . . . Slashing 26 | . 26 . Piercing . | . . . Highest Corruption . | . . . Average Corruption . | . . . Corruption Purged . | . . . Corruption Blocked . | . . . Overload Shots . | . . . Overflow Damage . | . . . Projectiles . | . . . Explosions . | . . . Melee . | . . . Knockbacks 1 | . 1 . Impact 1 | . 1 . Kinetic . | . . . Secondary . | . . . Self-Inflicted Damage 10 | . 10 . Shots . | . . . Rammed 1 | . 1 . Targets Rammed 1 | . 1 . Kicked . | . . . Crushed . | . . . Highest Temperature 261 | . 261 36 Average Temperature 55 | . 57 16 Received Heat Transfer 306 | . 204 102 Siege Activations . | . . . Martial Activations . | . . . Shielding Activations . | . . . Robots Disrupted . | . . . Combat Hostiles . | . . . Robots Corrupted 2 | . 1 1 Combat Hostiles 2 | . 1 1 Parts Fried 5 | . 3 2 Impact Corruptions . | . . . Robots Melted . | . . . Combat Hostiles . | . . . Parts Melted . | . . . Heat Transferred 148 | . 148 . Parts Sabotaged . | . . . Parts Stolen . | . . . Parts Stripped . | . . . Power Chain Reactions . | . . . Alert | -11 -10 -10 ------- Run | Yrd Mat Sub Maximum Alert Level . | . . . Low Security (%) 100 | 100 100 . Level 1 . | . . . Level 2 . | . . . Level 3 . | . . . Level 4 . | . . . Level 5 . | . . . High Security . | . . . Max Security . | . . . Peak Influence 146 | 10 146 . Initial . | . . . Average 50 | . 58 . Influence Increases 648 | 20 578 50 Destroy 0b10 Robot/C 400 | . 360 40 Destroy 0b10 Robot/NC 65 | 20 45 . Destroy Leader 96 | . 86 10 Successful Hack 9 | . 9 . Select Force Hacks 60 | . 60 . Destroy Structure 3 | . 3 . Lose Combat Pursuer 15 | . 15 . Influence Decreases 648 | 20 524 104 Entered New Map 26 | . . 26 Time Decay 506 | 20 408 78 Lost Part 20 | . 20 . Purge Threat 96 | . 96 . Squads Dispatched 6 | . 6 . Investigation 5 | . 5 . Extermination . | . . . Reinforcement 1 | . 1 . Assault . | . . . Garrison . | . . . Intercept . | . . . Searches Triggered . | . . . Construction Impeded . | . . . Haulers Reinforced . | . . . Active Scanning Responses . | . . . Cargo Convoy Interrupts . | . . . Stealth | -11 -10 -10 --------- Run | Yrd Mat Sub Distress Signals 2 | . 2 . Communications Jammed . | . . . Distress Signals . | . . . Times Spotted 41 | . 33 8 Peak Tracking Total 4 | . 4 4 Tactical Retreats 1 | . 1 . Traps | -11 -10 -10 ------- Run | Yrd Mat Sub Traps Triggered 4 | . 2 2 Indirectly . | . . . Trap Hack Attempts . | . . . Triggered . | . . . Disarmed . | . . . Reprogrammed . | . . . Reused . | . . . Traps Extracted . | . . . Installed . | . . . Triggered . | . . . Machines | -11 -10 -10 ---------- Run | Yrd Mat Sub Machines Disabled . | . . . Max in Single Turn . | . . . Machines Repaired . | . . . Machines Dismantled . | . . . Machines Sabotaged . | . . . Overloaded Fab Kills . | . . . Hacking | -11 -10 -10 --------- Run | Yrd Mat Sub Machines Accessed 9 | . 9 . Terminals 7 | . 7 . Fabricators . | . . . Repair Stations . | . . . Recycling Units 2 | . 2 . Scanalyzers . | . . . Garrison Access . | . . . Total Hacks 28 | . 28 . Successful 13 | . 13 . Failed 15 | . 15 . Catastrophic 3 | . 3 . Database Lockouts . | . . . Manual 20 | . 20 . Terminals 24 | . 24 . Fabricators . | . . . Repair Stations . | . . . Recycling Units 4 | . 4 . Scanalyzers . | . . . Garrison Access . | . . . Terminal Hacks 7 | . 7 . Robot Analysis 2 | . 2 . Prototype ID Bank 3 | . 3 . Unreport Threat 2 | . 2 . Fabricator Hacks . | . . . Repair Station Hacks . | . . . Recycling Unit Hacks . | . . . Scanalyzer . | . . . Garrison Access Hacks . | . . . Unauthorized Hacks 6 | . 6 . Terminals 2 | . 2 . Botnet 2 | . 2 . Fabricators . | . . . Repair Stations . | . . . Recycling Units 4 | . 4 . Recyclers 1 | . 1 . Mask 1 | . 1 . Tunnel 2 | . 2 . Scanalyzers . | . . . Garrison Access . | . . . Data Cores Recovered . | . . . Used . | . . . Hacking Detections 8 | . 8 . Full Trace Events 1 | . 1 . Feedback Events . | . . . Feedback Blocked . | . . . Robot Schematics Acquired . | . . . Robots Built . | . . . Authchips . | . . . Time . | . . . Total Robot Build Rating . | . . . Part Schematics Acquired . | . . . Parts Built . | . . . Authchips . | . . . Time . | . . . Total Part Build Rating . | . . . Part Studies Acquired . | . . . Parts Repaired . | . . . Time . | . . . Parts Recycled . | . . . Recycled Matter . | . . . Retrieved Matter . | . . . Retrieved Components . | . . . Parts Scanalyzed . | . . . Part Schematics Acquired . | . . . Parts Damaged . | . . . Bothacking | -11 -10 -10 ------------ Run | Yrd Mat Sub Used RIF Installer . | . . . Robots Hacked . | . . . Non-combat . | . . . Combat . | . . . Robot Hacks Applied . | . . . Relay Couplers Released . | . . . Fabnet Peak Effective % . | . . . Robots Rewired . | . . . Allies Hacked . | . . . Hacks Repelled . | . . . Allies | -11 -10 -10 -------- Run | Yrd Mat Sub Total Allies . | . . . Largest Group . | . . . Highest-Rated Group . | . . . Highest-Rated Ally . | . . . Total Orders . | . . . Ally Attacks . | . . . Total Damage . | . . . Kills . | . . . Allies Corrupted . | . . . Allies Melted . | . . . Intel | -11 -10 -10 ------- Run | Yrd Mat Sub Active Infowar (turns) 282 | 57 105 120 Seismic 282 | 57 105 120 Robot Analysis Total 2 | . 2 . Derelict Logs Recovered 3 | . . 3 Drone Launches . | . . . Drone Recoveries . | . . . Exploration | -11 -10 -10 ------------- Run | Yrd Mat Sub Turns Passed 1806 | 190 1299 317 Spaces Moved 1182 | 132 840 210 Core 29 | 22 . 7 Treads . | . . . Legs . | . . . Wheels 1153 | 110 840 203 Hover . | . . . Flight . | . . . Fastest Speed 50 | 50 90 50 Average Speed 108 | 98 109 112 Slowest Speed 150 | 150 145 115 Overloaded Moves . | . . . Propulsion Burnouts . | . . . Robots Hopped . | . . . Potential Cave-ins . | . . . Cave-ins Triggered . | . . . Exploration Rate (%) 38 | 4 96 14 Regions Visited 2 Branch Regions 1 Pre-discovered Areas 3 | . 2 1 Known Exits Taken . | . . . Unknown Exits Taken 2 | 1 1 . Scrap Searched . | . . . Spaces Dug 3 | . 3 . Terrain Destroyed 3 | . 3 . Melee 3 | . 3 . Projectile . | . . . AOE . | . . . Terrain Rammed . | . . . Walls Destroyed . | . . . Machines Disabled . | . . . Actions | -11 -10 -10 --------- Run | Yrd Mat Sub Total 1504 | 160 1088 256 Wait 132 | . 121 11 Move 1180 | 131 839 210 Hop . | . . . Pick Up 36 | 7 24 5 Fast Attach 10 | 7 3 . Attach 6 | . 3 3 Detach 2 | . 2 . Swap 13 | . 8 5 Drop 16 | . 13 3 Fire 94 | 15 63 16 Melee 14 | . 11 3 Ram 1 | . 1 . Kick . | . . . Crush . | . . . Escape Stasis . | . . . Rewire . | . . . Trap . | . . . Miscellaneous . | . . . Route ------- -11/Scrapyard -10/Materials (discovered 5 exits: [*Mat x3] / [*Min] / [*Sub]) -10/Subcaves History --------- Turn | Location | Event 46 | -11/Scrapyard | Discovered new exit (range 16) 191 | -11/Scrapyard | Entered Materials 300 | -10/Materials | Build established: Mutant 533 | -10/Materials | Discovered new exit (range 11) 757 | -10/Materials | Discovered new exit (range 14) 1127 | -10/Materials | Discovered new exit (range 13) 1359 | -10/Materials | Discovered new exit (range 15) 1473 | -10/Materials | Discovered new exit (range 3) 1490 | -10/Materials | Entered Subcaves 1527 | -10/Subcaves | Learned 8 Materials zone layouts 1558 | -10/Subcaves | Learned Materials terminal intel 1569 | -10/Subcaves | A swath of the cavern ceiling suddenly collapsed 1610 | -10/Subcaves | A swath of the cavern ceiling suddenly collapsed 1706 | -10/Subcaves | Learned location of Recycling (-8) 1739 | -10/Subcaves | Core integrity fell below 50% 1796 | -10/Subcaves | Ambushed by Subdweller buried in earth 1796 | -10/Subcaves | Ambushed by Subdweller buried in earth 1804 | -10/Subcaves | Core integrity fell below 20% 1804 | -10/Subcaves | Released all parts (4) 1807 | -10/Subcaves | Destroyed by BV-TPZ(R) with Subdweller Laser Last Messages --------------- 01744_ VV-TWC(R) destroyed. 01749_ Acquired Corrupted Sub. Laser. 01750_ Acquired 35 matter. 01754_ Acquired Corrupted Sub. Machine Gun. 01755_ Subatomizers dissect the Corrupted Sub. Monowheel. 01756_ Dropped Lgt. Ion Engine. 01756_ Acquired Corrupted Sub. Monowheel. 01759_ Dropped Ion Engine. 01761_ Acquired Lgt. Ion Engine. 01763_ Dropped Signal Interpreter. 01764_ Acquired Corrupted Sub. Optics. 01796_ Lgt. Ion Engine destroyed. 01796_ Lgt. Armor Plating destroyed. 01797_ 4I-4SJ(R): "THANKSYOU!" 01797_ ME-STX(R): "ARGHSUB!" 01799_ Lgt. EM Pulse Cannon destroyed. 01804_ Released Com. Wheel. 01804_ Released Hcp. Storage Unit. 01804_ Released Com. Wheel. 01804_ Released Imp. Light Cannon. Map ----- +----------------------------------------------------+ | ?????????????????????????????????????????????????? | | ?????????????????????????????????????????????????? | | ?????????????????????????????????????????????????? | | ?????????????????????????????????????????????????? | | ?????????????????????????????????????????????????? | | ?????????????????????????????????????????????????? | | ?????????????????????????????????????????????????? | | ##???????########????????????????????????????????? | | ##?????## ##???????????###?????????????????? | | ###??## ##????????## ??????????????????? | | % #?## ##??????? ???????????????????? | | ##### ###???? ????????????????????? | | ##??# ##??? ?????????????????????? | | "#### ## #### ??????????????????????? | | "## ## ###*!## " #??????????????????????? | | """#"## ???#&%#### "#??????????????????????? | | ""### #????#% ! ; ]!= "#??????????????????????? | | #####"#????##& =!!! "##?????????????????????? | | "###""#????# # *[==! #?????????????????????? | | "#"## ###### ## ## =][! ##?????????????????????? | | #"#"#"## ^ ;R ]!" ##??????????????????????? | | ###""#" ^ ;; R" #???????????????????????? | | #?#%""## # ###;R ###???????????????????????? | | ??#"######## #### ######???????????????????? | | ??###??????#^ ^### #???????????????????? | | ?????????? @ #???????????????????? | | ????????? ^ #??????????????????? | | ????????? ## # #?????????????????? | | ??????????######### ???????????????? | | ??????????????????####### ###??????????????? | | ????????????????????????# ## #????????????????? | | ???????????????????????? #?####????????????????? | | ????????????????????????# #?????????????????????? | | ????????????????????????####?????????????????????? | | ?????????????????????????????????????????????????? | | ?????????????????????????????????????????????????? | | ?????????????????????????????????????????????????? | | ?????????????????????????????????????????????????? | | ?????????????????????????????????????????????????? | | ?????????????????????????????????????????????????? | | ?????????????????????????????????????????????????? | | ?????????????????????????????????????????????????? | | ?????????????????????????????????????????????????? | | ?????????????????????????????????????????????????? | | ?????????????????????????????????????????????????? | | ?????????????????????????????????????????????????? | | % ?????????????????????????????????????????????? | | ?????????????????????????????????????????????? | | ?????????????????????????????????????????????????? | | ?????????????????????????????????????????????????? | +----------------------------------------------------+ Best States ------------- Heat Dissipation 25 Energy Generation 10 Energy Capacity 250 Matter Stores 300 Matter Capacity 300 Sight Range 16 Terrain Scan Density 10 Armor Coverage 150 Evasion (%) 42 Item Schematics ----------------- None Robot Schematics ------------------ None Fabricated ------------ Nothing Repaired ---------- Nothing Studied --------- None Alien Tech Used ----------------- None Achievements -------------- Myspace Challenges ------------ None Game ------ Seed StructuralAssembledBotcube Manual? 0 Play Time 00:16:32 Cumulative 87.3 hours Start 2026.02.18 @ 00:55:05 End 2026.02.18 @ 01:08:42 Sessions 1 Manual Loads 0 Difficulty Rogue Special Mode None Game No. 178 Rogue 178 Adventurer 0 Explorer 0 Win Type - Total 1 Types 1/0/0/0/0/0/0/0/0/0 Lore% 50 Gallery% 38 Achievement% 38 Wizard Run 0 Options --------- Layout 0 ASCII 0 Keyboard 1 Movement Arrows Keybinds 0 Fullscreen 1 Font 18/Smallcaps Map View 76x50 Zoom Use 52% Tactical HUD 1 Map Filters NONE Filters NONE Steam 1 RUN: 5a022f58-c116-49ef-80c4-fe6129701791